 Dungeon Crawl Stone Soup version 0.14-a0-30-gf0b6e91 (webtiles) character file.

248 Sachiko the Skirmisher (level 5, -30/40 HPs)
             Began as a Mummy Chaos Knight on Sept 26, 2013.
             Was a Plaything of Xom.
             Annihilated by an ogre
             ... wielding a +0,+0 giant club
              (38 damage)
             ... on Level 4 of the Dungeon.
             The game lasted 00:08:11 (2151 turns).

Sachiko the Skirmisher (Mummy Chaos Knight)         Turns: 2151, Time: 00:08:11

HP -30/40        AC  7     Str 15      XL: 5   Next: 28%
MP   5/5         EV 11     Int 11      God: Xom
Gold 74          SH  0     Dex 12      Spells:  0 memorised,  4 levels left

Res.Fire  : x . .   See Invis. : .   a - +1,+0 hand axe (chaos)
Res.Cold  : + . .   Warding    : .   b - +2 leather armour
Life Prot.: + + +   Conserve   : .   (no shield)
Res.Poison: +       Res.Corr.  : .   (no helmet)
Res.Elec. : .       Clarity    : .   (no cloak)
Sust.Abil.: . .     Spirit.Shd : .   g - +1 pair of gloves
Res.Mut.  : .       Stasis     : .   (no boots)
Res.Rott. : +       Flight     : .   (no amulet)
Saprovore : . . .                    (no ring)
                                     f - ring of invisibility

@: slightly resistant to hostile enchantments, unstealthy
A: no food or potions, fire vulnerability, restore body, cold resistance 1, life
protection 3, poison resistance, torment resistance, unbreathing
a: Renounce Religion, Evoke Invisibility


You were on level 4 of the Dungeon.
You worshipped Xom.
You were a toy of Xom.
You were not hungry.

You visited 1 branch of the dungeon, and saw 4 of its levels.

You collected 54 gold pieces.

Inventory:

Hand weapons
 a - a +1,+0 hand axe of chaos (weapon)
Armour
 b - a +2 leather armour (worn)
 g - a +1 pair of gloves (worn)
Magical devices
 e - a wand of fireball (0)
Scrolls
 c - 3 scrolls of identify
Jewellery
 f - a ring of invisibility (left hand)
Books
 d - a Grand Grimoire {highlevel}

   This book is beyond your current level of understanding.

   Spells                             Type                      Level
   Demonic Horde                      Summoning                    6
   Mass Abjuration                    Summoning                    6
   Haunt                              Necromancy/Summoning         7
   Summon Greater Demon               Summoning                    7
   Malign Gateway                     Summoning/Translocation      7
   Summon Horrible Things             Summoning                    8


   Skills:
 + Level 3.9 Fighting
 + Level 3.4 Axes
 - Level 1.9 Armour
 + Level 2.3 Dodging
 - Level 0.6 Stealth


You had 4 spell levels left.
You didn't know any spells.

Dungeon Overview and Level Annotations

Branches:
Dungeon (4/27)
 Temple: D:4-7

Altars:
Elyvilon

Shops:
D:4 !


Innate Abilities, Weirdness & Mutations

You do not eat or drink.
Your flesh is vulnerable to fire.
Your flesh is cold resistant.
You are immune to negative energy.
Your system is resistant to poisons.
You are immune to unholy pain and torment.
You can survive without breathing.


Message History

You completely miss the ogre.
The ogre is severely wounded.
The ogre hits you with a giant club!
A ball python and a hound come into view.
You hit the ogre.
The ogre goes berserk!
Xom is highly amused!
The ogre is severely wounded.
The ogre hits you with a giant club!
Ouch! That really hurt!
* * * LOW HITPOINT WARNING * * *
You hit the ogre.
The ogre is poisoned.
The ogre is severely wounded.
Xom plays with reality for a moment.
The hound flies into a frenzy!
The ball python flies into a frenzy!
The hound barks!
The ogre barely misses you. The ogre hits you with a giant club!
Ouch! That really hurt!
You die...
Xom is highly amused!

#.....####.########
#..#%..............
#
#.>.....%..........
+ .
#.....#..##.......
# ..#..#..#..#
....... #
......#.....#
....... #
###.....#### ......
####.....## .....
.. .......h@%# ....
.... .#.....$O$# .
.!.. #.....$$$# ...
#......h## ..
#.....^S# .
.......# .....!#
...... ...


You could see an ogre (berserk), 2 neutral hounds and a neutral ball python
(insane).

Vanquished Creatures
  A crimson imp (D:2)
  2 worker ants (D:4)
  3 adders
  2 worms
  A giant gecko (D:3)
  An orc (D:3)
  4 giant cockroaches
  A giant mite (D:3)
  7 goblins
  5 hobgoblins
  A quokka (D:4)
  11 bats
  3 giant newts
  8 kobolds
  2 kobold skeletons (D:4)
  6 rats
58 creatures vanquished.

Notes
Turn   | Place    | Note
--------------------------------------------------------------
     0 | D:1      | Sachiko, the Mummy Chaos Knight, began the quest for the Orb.
     0 | D:1      | Reached XP level 1. HP: 16/16 MP: 1/1
   222 | D:1      | Reached XP level 2. HP: 22/22 MP: 2/2
   310 | D:1      | XOM: harmless Divn miscast
   331 | D:1      | XOM: divination: detect creatures
   555 | D:1      | XOM: harmless Necr miscast
   620 | D:2      | XOM: divination: detect creatures
   652 | D:2      | XOM: enchant monster (good)
   671 | D:2      | Reached skill level 1 in Dodging
   804 | D:2      | Reached XP level 3. HP: 28/28 MP: 3/3
   949 | D:2      | XOM: mild Summ miscast
  1110 | D:2      | XOM: colour smoke trail
  1320 | D:2      | XOM: harmless Necr miscast
  1325 | D:2      | Reached XP level 4. HP: 30/34 MP: 4/4
  1539 | D:3      | XOM: colour smoke trail
  1643 | D:3      | Found a white marble altar of Elyvilon.
  1688 | D:3      | XOM: silly message
  1873 | D:3      | XOM: noise
  1939 | D:4      | Reached XP level 5. HP: 28/40 MP: 5/5
  2099 | D:4      | Noticed an ogre
  2136 | D:4      | Found Giraudd's Distillery.
  2144 | D:4      | Noticed an ogre
  2151 | D:4      | XOM: cast spell 'Discord'
  2151 | D:4      | Annihilated by an ogre

Action                   |  1- 3 |  4- 6 || total
-------------------------+-------+-------++-------
Melee: Hand axe          |    89 |   100 ||   189
Evoke: Wand              |       |     4 ||     4
  Use: Scroll            |    11 |     2 ||    13
 Stab: Petrified         |     1 |       ||     1
       Paralysed         |       |     2 ||     2
